 Dungeon Crawl Stone Soup version 0.19.4-8-ga85b6b9 (console) character file.

556 lanroth the Shield-Bearer (level 7, -8/52 HPs)
             Began as a Human Fighter on Feb 9, 2017.
             Was a Follower of the Shining One.
             Killed from afar by Eustachio (21 damage)
             ... with an exploding inner flame
             ... hexed by the player character
             ... on level 4 of the Dungeon.
             The game lasted 00:35:09 (4110 turns).

lanroth the Shield-Bearer (Human Fighter)           Turns: 4110, Time: 00:35:09

Health: -8/52      AC: 18    Str: 17 (18) XL:     7   Next: 56%
Magic:  7/7        EV:  9    Int:  8      God:    the Shining One [*.....]
Gold:   210        SH:  9    Dex: 10 (13) Spells: 0 memorised, 6 levels left

rFire  . . .     SeeInvis .     x - +0 falchion (protect)
rCold  . . .     Gourm    .     E - +4 ring mail
rNeg   + . .     Faith    .     c - +0 shield
rPois  .         Spirit   .     B - +0 helmet
rElec  .         Reflect  .     (no cloak)
rCorr  .         Harm     .     (no gloves)
MR     .....                    (no boots)
Stlth  +.........               i - amulet of magic regeneration
                                (no ring)
                                t - ring of positive energy

@: lethally poisoned (-8 -> -19), about to teleport, protection aura, glowing
A: no striking features
a: Renounce Religion


You were on level 4 of the Dungeon.
You worshipped the Shining One.
The Shining One was aware of your devotion.
You were hungry.

You visited 1 branch of the dungeon, and saw 4 of its levels.

You collected 210 gold pieces.

Inventory:

Hand Weapons
 s - a +0 hunting sling
 x - a +0 falchion of protection (weapon)
 C - a +0 whip of freezing
Missiles
 e - 114 stones (quivered)
 m - 31 sling bullets
 n - 39 bolts
 u - 58 arrows
Armour
 a - a +0 scale mail
 c - a +0 shield (worn)
 B - a +0 helmet (worn)
 E - a +4 ring mail (worn)
Jewellery
 i - an amulet of magic regeneration (around neck)
 t - a ring of positive energy (left hand)
Scrolls
 b - a scroll of amnesia
 h - a scroll of remove curse
 l - 3 scrolls of recharging
 p - 3 scrolls of identify
Comestibles
 f - 3 bread rations
 g - a beef jerky
 j - a meat ration
 q - 3 fruits


   Skills:
 + Level 3.6 Fighting
   Level 4.1(4.2) Short Blades
 + Level 0.6(2.6) Long Blades
 + Level 2.5 Maces & Flails
 + Level 1.6 Throwing
 + Level 4.0 Armour
 + Level 1.7 Dodging
 + Level 1.2 Stealth
 + Level 4.4 Shields


You had 6 spell levels left.
You didn't know any spells.

Dungeon Overview and Level Annotations

Branches:
Dungeon (4/15)
 Temple: D:4-7

Altars:
Elyvilon
Fedhas
Gozag
Kikubaaqudgha
Zin
The Shining One


Message History

The ufetubus hits you but does no damage.
You block the ufetubus's attack.
The quasit bites you but does no damage.
The quasit closely misses you. The quasit completely misses you.
The river rat misses you.
You riposte.
You hit the river rat.
Your weapon exudes an aura of protection.
The river rat is heavily wounded.
Eustachio mumbles some strange words.
The quokka barely misses you.
You riposte.
Your ring mail prevents you from hitting the quokka.
You block the bat's attack.
The ufetubus hits you but does no damage. x2
The quasit barely misses you. The quasit closely misses you.
You block the quasit's attack. The river rat bites you.
* * * LOW HITPOINT WARNING * * *
You hit Eustachio.
Eustachio explodes!
The fiery explosion engulfs the bat.
You kill the bat!
The bat's corpse disappears in a puff of smoke!
The fiery explosion engulfs you!
You die...

### ##.# ####.# ##.## #...## ##.##
#..## ##.## #...# ##.## ### ####
##..####.## #.## ###..## ##......##
#..######## ##..##.## ##.......#
#.>.......## ##.#####.##
#..####..### ########...######..#
##># #.## ##...###### ##..........##
#### ##.#
##.......#####.....####..## ##.#
#.## ####.............##
###.######.## #..# ##............#
#........## ##.##
########............# ##.....#..#
##.###.....#......########
#...###### #### ##.....###.......##
#########.### ###..#######.....##
##......## #.........#
.............###.# ##...#..##
##..#####..## ......######## #.#
##..##..# #..## ##..## ....### #.#
#..###.## ##.# #...##### ....##
#######.#### ##..##..# #.##
##........# .....#####..........###
##.....# ##.#####....######
.##...##..............#####...##
##........###...
####....................##....##
######......# #
##....##.......)............##
#.....## #
#..###......>......)...###..######
##...## #
#..###...............#####.......##
##...###
##..##........................##..##
#......#
##.##...................[<..####..#
##......#
##.#.............b..#####..#
##.###....#### ##.............@...#
##.# ##....#### ##...........r...##
#.# #...## ##### ##..............##
#.# #..## ###...# ##.##...........##
..# ###..## ##...###
#..####......#### .## #..r§5###...##
#..## ###.#### .# #...#r@.r....##
##..## #..## . #.b####5.5.###
###.####...###### #. #..####.5###
##............## #........#
#######.......# #######..#
#...##.....## ##.# #._.P...#### #.#
#P.......P#### #.## ####PP.......#
##§# # ###....P_P# ##.####..#
#..##PPP# #.r....# #..######
##....### #.## ##.###.# ##.# ##@##
#.# ##.## ##.## #.## ##.## ##.##
#..####### ##.## #..# ##........#
##.## #..#####...###### #..#
#..##......# ##.## ##.....####.#
#..## #.....## #.# ##..## ##5....#
#.# ##..# ###..##..# #.# ##.##
#########..#####.# #.#
##.#####.......@.## #.# #.#
##..##..#####..## ##. #.# ##...###
#### .# #.## ##### #..### ###..#
##.## ##.## ##.# ##.# ##


You could see an iron imp, a quasit, 2 river rats, a shadow imp, an ufetubus and
a quokka.

Vanquished Creatures
  Grinder (D:3)
  The ghost of Paps the Sneak, an amateur NaAs (D:3)
  A scorpion (D:4)
  A crimson imp (D:4)
  An orc priest (D:3)
  A worker ant (D:4)
  Robin (D:3)
  4 adders
  A worm (D:2)
  2 dart slugs
  2 leopard geckos
  10 orcs
  4 giant cockroaches
  11 goblins
  10 hobgoblins
  12 jackals
  3 quokkas
  A ball python (D:1)
  12 bats
  3 frilled lizards
  5 kobolds
  8 rats
95 creatures vanquished.

Notes
Turn   | Place    | Note
-------+----------+-------------------------------------------
     0 | D:1      | lanroth the Human Fighter began the quest for the Orb.
     0 | D:1      | Reached XP level 1. HP: 18/18 MP: 1/1
    56 | D:1      | Reached XP level 2. HP: 20/24 MP: 2/2
    69 | D:1      | Found a glowing golden altar of the Shining One.
   440 | D:1      | Reached XP level 3. HP: 29/29 MP: 3/3
   605 | D:1      | Became a worshipper of the Shining One
   644 | D:2      | Found a faded altar of an unknown god.
   644 | D:2      | Found a faded altar of an unknown god.
   658 | D:2      | Found an opulent altar of Gozag.
   663 | D:2      | Found a faded altar of an unknown god.
   665 | D:2      | Found a faded altar of an unknown god.
  1435 | D:2      | Reached XP level 4. HP: 35/35 MP: 4/4
  1491 | D:3      | Noticed Paps's ghost (amateur NaAs)
  1492 | D:3      | Reached skill level 1 in Throwing
  2182 | D:2      | Reached skill level 1 in Dodging
  2284 | D:3      | Killed Paps's ghost
  2284 | D:3      | Reached XP level 5. HP: 28/41 MP: 5/5
  2480 | D:3      | Noticed Grinder
  2486 | D:3      | Paralysed by Grinder for 4 turns
  2503 | D:3      | Paralysed by Grinder for 2 turns
  2505 | D:3      | Killed Grinder
  2505 | D:3      | Reached XP level 6. HP: 7/47 MP: 6/6
  2823 | D:3      | Reached XP level 7. HP: 52/52 MP: 7/7
  2959 | D:3      | Reached * piety under the Shining One
  2988 | D:3      | Reached skill level 1 in Maces & Flails
  3002 | D:3      | Noticed Robin
  3008 | D:3      | Killed Robin
  3008 | D:3      | Reached skill level 1 in Stealth
  3071 | D:3      | Found a white marble altar of Elyvilon.
  3072 | D:3      | Found a glowing silver altar of Zin.
  3073 | D:3      | Found a glowing golden altar of the Shining One.
  3515 | D:4      | Found a blossoming altar of Fedhas.
  3517 | D:4      | Found an ancient bone altar of Kikubaaqudgha.
  3586 | D:4      | Noticed Eustachio
  4110 | D:4      | Killed Eustachio
  4110 | D:4      | Killed from afar by Eustachio

Skill      XL: |  1  2  3  4  5  6  7 |
---------------+----------------------+-----
Throwing       | 1 |  1.6
Dodging        | 1 |  1.7
Short Blades   | 3 4 |  4.1
Shields        | 4 |  4.4
Maces & Flails | 2 |  2.5
Stealth        | 1 |  1.2
Armour         | 4 |  4.0
Fighting       | |  3.6
Long Blades    | |  0.6

Action                   |  1- 3 |  4- 6 |  7- 9 || total
-------------------------+-------+-------+-------++-------
Melee: Rapier            |   114 |   119 |       ||   233
       Flail             |       |    40 |    62 ||   102
       Falchion          |       |       |   143 ||   143
Throw: Stone             |    49 |    27 |    23 ||    99
  Use: Scroll            |     2 |     4 |     3 ||     9
       Potion            |     2 |     3 |     1 ||     6
  Eat: Chunk             |     2 |     4 |       ||     6
       Meat ration       |       |     1 |       ||     1
Armor: Scale mail        |    25 |    27 |    26 ||    78
       Ring mail         |    15 |    40 |   110 ||   165
Dodge: Dodged            |    39 |    46 |   121 ||   206
Block: Shield            |    55 |    63 |   131 ||   249
       Rpst.: Falchion   |       |       |    31 ||    31
